 Dungeon Crawl Stone Soup version 0.29.1-15-g9cfb28693d (webtiles) character file.

Game seed: 9816608965837284812

96 leafyfresh the Sneak (level 4, 0/33 HPs)
             Began as an Octopode Delver on Mar 5, 2023.
             Slain by an adder (1 damage)
             ... on level 5 of the Dungeon.
             The game lasted 00:00:23 (266 turns).

leafyfresh the Sneak (Octopode Delver)               Turns: 266, Time: 00:00:24

Health: 0/33       AC:  1    Str: 11    XL:     4   Next: 67%
Magic:  4/4        EV: 14    Int: 14    God:
Gold:   27         SH:  0    Dex: 13    Spells: 3/3 levels left

rFire   . . .      SeeInvis .   a - +0 short sword
rCold   . . .      Faith    .   (no shield)
rNeg    . . .      Spirit   .   (helmet restricted)
rPois   .          Reflect  .   (no amulet)
rElec   .          Harm     .   (no ring)
rCorr   .          Rampage  .   (no ring)
Will    .....                   (no ring)
Stlth   +++++.....              (no ring)
HPRegen 0.11/turn               (no ring)
MPRegen 0.09/turn               (no ring)
                                (no ring)
                                (no ring)

@: lethally poisoned (0 -> -2)
A: almost no armour, amphibious, 8 rings, camouflage 1, gelatinous body 1,
(nimble swimmer 1), tentacles
a: no special abilities


You were on level 5 of the Dungeon.
You visited 1 branch of the dungeon, and saw 1 of its levels.

You collected 27 gold pieces.

Inventory:

Hand Weapons
 a - a +0 short sword (weapon)
Jewellery
 h - an amulet of the acrobat
Wands
 f - a wand of digging (3)
Scrolls
 b - a scroll of fog
 c - a scroll of magic mapping
 d - a scroll of fear
 g - a scroll of teleportation {unknown}
Potions
 e - a potion of haste


   Skills:
 + Level 3.9 Fighting
 - Level 2.0 Short Blades
 + Level 3.1 Dodging
 + Level 7.5 Stealth


You had 3 spell levels left.
You didn't know any spells.
Your spell library was empty.

Dungeon Overview and Level Annotations

Branches:
Dungeon (5/15)
 Temple: D:4-7

Altars:


Innate Abilities, Weirdness & Mutations

You cannot wear most types of armour.
You are amphibious.
You can wear up to eight rings at the same time.
Your skin changes colour to match your surroundings (Stealth+).
Your rubbery body absorbs attacks. (AC +1, EV +1)
((You are camouflaged when in or above water. (Stealth+)))
You have tentacles for arms and can constrict up to eight enemies at once.


Message History

The necrophage hits you but does no damage.
You hit the necrophage but do no damage.
The necrophage is lightly damaged.
You constrict the necrophage. The adder closely misses you.
The necrophage hits you!
You feel drained.
You are too injured to fight recklessly!
You are too injured to fight recklessly!
You are too injured to fight recklessly!
Unknown command.
You hit the necrophage.
The necrophage is moderately damaged.
You constrict the necrophage. The adder closely misses you.
The necrophage closely misses you.
You hit the necrophage but do no damage.
The necrophage is heavily damaged.
You constrict the necrophage, but do no damage.
The adder bites you.
* * * LOW HITPOINT WARNING * * *
You are poisoned.
The adder poisons you! The adder bites you but does no damage.
The necrophage closely misses you.
You hit the necrophage. You squeeze the necrophage!
The necrophage is severely damaged.
You constrict the necrophage.
You feel sick. The adder bites you.
* * * LOW HITPOINT WARNING * * *
The necrophage closely misses you.
You hit the necrophage. You squeeze the necrophage.
You destroy the necrophage!
* * * LOW HITPOINT WARNING * * *
You feel sick. The adder barely misses you.
Your life force feels restored.
Your Dodging skill increases to level 3!
You have reached level 4!
Unknown command.
You hit the adder. You grab the adder.
The adder is moderately wounded.
You constrict the adder.
* * * LOW HITPOINT WARNING * * *
You feel sick. The adder bites you.
You die...

#. #.. # #.# .# #.#
..# #####.#+##..#
######...........###
#............S......
#...........@†..#
#.......#....##.....
#......(#....# ...
#.........# # .#
####........#
..###...........##
....................
.......###..).....[#
...................#


You could see an adder.

Vanquished Creatures
  A necrophage (D:5)
  A hound (D:5)
  An orc (D:5)
3 creatures vanquished.

Notes
Turn   | Place    | Note
-------+----------+-------------------------------------------
     0 | D:5      | leafyfresh the Octopode Delver began the quest for the Orb.
     0 | D:5      | Reached XP level 1. HP: 16/16 MP: 1/1
     4 | D:5      | Noticed a hound
    13 | D:5      | Killed a hound
    14 | D:5      | Reached skill level 7 in Stealth
    14 | D:5      | Reached XP level 2. HP: 8/21 MP: 2/2
    14 | D:5      | Reached XP level 3. HP: 10/26 MP: 3/3
   226 | D:5      | Noticed a necrophage
   265 | D:5      | Killed a necrophage
   266 | D:5      | Reached XP level 4. HP: 2/33 MP: 4/4
   266 | D:5      | HP: 1/33 [poisoned by an adder]
   266 | D:5      | Slain by an adder

Illustrated notes

Levels and vault maps discovered:
D:5:      layout_basic, mainiacjoe_overflow_brackets,
          amethyst_overflow_temple_binary, nicolae_alphabet_shops

Skill      XL: |  1  2  3 |
---------------+----------+-----
Stealth        | 7 |  7.5
Dodging        | 3 |  3.1
Fighting       | |  3.9
Short Blades   | |  2.0

Action                   |  1- 3 |  4- 6 || total
-------------------------+-------+-------++-------
Melee: Short sword       |    15 |     1 ||    16
       Tentacles         |     6 |       ||     6
       Constrict         |     2 |     1 ||     3
 Stab: Sleeping          |     1 |       ||     1
Armor: Skin              |     2 |       ||     2
Dodge: Dodged            |    12 |       ||    12
